 Dungeon Crawl Stone Soup version 0.27-a0-1321-gd358eaa319 (webtiles) character file.

Game seed: 5824940924321088737

96 Nattfarinn the Insei (level 4, 0/51 HPs)
             Began as a Merfolk Transmuter on June 22, 2021.
             Slain by a gnoll (4 damage)
             ... on level 3 of the Dungeon.
             The game lasted 00:04:27 (2698 turns).

Nattfarinn the Insei (Merfolk Transmuter)           Turns: 2698, Time: 00:04:28

Health: 0/51       AC: 22    Str: 10    XL:     4   Next: 67%
Magic:  7/7        EV:  2    Int: 13    God:
Gold:   67         SH:  0    Dex: 14    Spells: 6/7 levels left

rFire    . . .     SeeInvis .     - Unarmed
rCold    . . .     Faith    .   (no shield)
rNeg     + + +     Spirit   .   (armour currently unavailable)
rPois    +         Reflect  .   (helmet currently unavailable)
rElec    .         Harm     .   (cloak currently unavailable)
rCorr    .         Rampage  .   (gloves currently unavailable)
Will     .....     NoTele   +   (boots currently unavailable)
Stlth    +.........             (no amulet)
HPRegen  0.17/turn              (no ring)
MPRegen  0.10/turn              (no ring)

@: brilliant, tree-form
A: stationary, stasis, torment immunity, boosted hp, (nimble swimmer 2),
(mertail)
a: no special abilities


You were on level 3 of the Dungeon.
You were a tree.
You visited 1 branch of the dungeon, and saw 3 of its levels.

You collected 67 gold pieces.

Inventory:

Armour
 a - a +0 robe (melded)
 j - a +1 hat (melded)
Wands
 k - a wand of iceblast (4)
Scrolls
 d - a scroll of noise {unknown}
 f - a scroll of enchant armour {unknown}
 g - 4 scrolls of identify {unknown}
 i - a scroll of magic mapping {unknown}
 l - a scroll of teleportation {unknown}
Potions
 c - a potion of brilliance


   Skills:
 + Level 2.5 Fighting
 + Level 3.8 Dodging
 * Level 4.7 Unarmed Combat
 - Level 2.0 Spellcasting
 - Level 2.6 Transmutations


You had 6 spell levels left.
You knew the following spells:

 Your Spells              Type           Power      Damage    Failure   Level
a - Beastly Appendage     Tmut           24%        N/A       9%          1

Your spell library contained the following spells:

 Spells                   Type           Power      Damage    Failure   Level
 Wereblood                Tmut           12%        N/A       13%         2
 Spider Form              Tmut/Pois      3%         N/A       41%         3
 Ice Form                 Ice/Tmut       7%         N/A       82%         4


Dungeon Overview and Level Annotations

Branches:
Dungeon (3/15)

Altars:


Innate Abilities, Weirdness & Mutations

You are a tree.
Your roots penetrate the ground, keeping you stationary.
You cannot be teleported.
You are immune to unholy pain and torment.
Your maximum health is greatly increased.
Your equipment is partially melded.
((You are quick and stealthy near water. (Stealth+, EV+, Speed+++)))
((Your lower body shifts to a powerful aquatic tail in water.))


Message History

You are no longer poisoned.
The gnoll hits you from afar with a +0 halberd.
* * * LOW HITPOINT WARNING * * *
The adder bites you.
* * * LOW HITPOINT WARNING * * *
The gnoll hits you but does no damage. x2
You cannot move. (Use ctrl+direction or * direction to attack without moving.) There's something in the way.
There's something in the way.
You barely miss the gnoll.
The gnoll is heavily wounded.
The adder bites you but does no damage. The gnoll hits you but does no damage.
The gnoll barely misses you.
You hit the adder.
The adder is lightly wounded.
The adder bites you but does no damage. The gnoll hits you but does no damage.
The gnoll hits you from afar with a +0 halberd!
* * * LOW HITPOINT WARNING * * *
The gnoll hits you but does no damage. The adder bites you but does no damage.
There's something in the way.
There's something in the way.
You smack the adder!
You kill the adder!
You feel less invigorated.
You feel less confused. The bat hits you but does no damage.
The gnoll hits you but does no damage. x2
The gnoll hits you with a +0 club.
You completely miss the gnoll.
The gnoll is heavily wounded.
The bat hits you but does no damage.
The gnoll hits you from afar with a +0 halberd.
* * * LOW HITPOINT WARNING * * *
The gnoll completely misses you. The gnoll barely misses you.
You hit the gnoll.
The gnoll is almost dead.
The bat hits you but does no damage. x2
The gnoll hits you from afar with a +0 halberd!
* * * LOW HITPOINT WARNING * * *
The gnoll hits you but does no damage. The gnoll hits you with a +0 club.
You die...

.. ####......
...#........#
#..#........#
#.#...........#
#.#.##........# .
.............<# ..
#.#.##........# ...#
#g#g##........#
...r.#.#♣##.......)#
?......#b##....[...###
.....b.grg...........#
.....................#
..........#..........#
#...#..####..........#
....... #..........#
....... ############
.......


You could see 3 gnolls, a bat and a rat.

Vanquished Creatures
  4 adders
  A gnoll (D:3)
  A dart slug (D:2)
  A bat (D:1)
  7 endoplasms
  A giant cockroach (D:1)
  2 goblins (D:1)
  2 hobgoblins
  4 jackals (D:1)
  5 quokkas
  6 ball pythons
  A frilled lizard (D:2)
  5 kobolds (D:1)
  3 rats
43 creatures vanquished.

Notes
Turn   | Place    | Note
-------+----------+-------------------------------------------
     0 | D:1      | Nattfarinn the Merfolk Transmuter began the quest for the
                  | Orb.
     0 | D:1      | Reached XP level 1. HP: 15/15 MP: 3/3
   490 | D:1      | Reached XP level 2. HP: 14/21 MP: 5/5
   908 | D:1      | Reached skill level 4 in Unarmed Combat
   908 | D:1      | Reached XP level 3. HP: 17/27 MP: 6/6
  1120 | D:1      | Found a faded altar of an unknown god.
  2037 | D:2      | Reached XP level 4. HP: 33/33 MP: 5/7
  2698 | D:3      | Slain by a gnoll

Illustrated notes

Levels and vault maps discovered:
D:1:      lightli_arrival_lavapool, layout_basic, basic_ecumenical_altar,
          minmay_bisected
D:2:      layout_basic
D:3:      layout_rooms, serial_shops, nicolae_shop_waterfront,
          lightli_sewer_entry_pipes

Skill      XL: |  1  2  3 |
---------------+----------+-----
Dodging        | 3 |  3.8
Unarmed Combat | 4 |  4.7
Fighting       | 2 |  2.5
Spellcasting   | |  2.0
Transmutations | |  2.6

Action                   |  1- 3 |  4- 6 || total
-------------------------+-------+-------++-------
Melee: Unarmed           |   104 |    36 ||   140
       Headbutt          |     9 |     2 ||    11
 Cast: Beastly Appendage |    13 |     4 ||    17
  Use: Potion            |       |     4 ||     4
 Stab: Sleeping          |     3 |       ||     3
Armor: Robe              |    17 |     7 ||    24
       Skin              |       |    18 ||    18
Dodge: Dodged            |    72 |    48 ||   120

Table legend: (Time is in decaauts)
 A = Elapsed time spent in this place.
 B = Non-inter-level travel time spent in this place.
 C = Inter-level travel time spent in this place.
 D = Time resting spent in this place.
 E = Time spent auto-exploring this place.
 F = Levels seen in this place.
 G = Mean time per level.
                   A        B        C        D        E       F      G
               +--------+--------+--------+--------+--------+-----+--------+
         Total |   2686 |   2606 |     80 |    662 |   1628 |   3 |  895.3 |
       Dungeon |   2686 |   2606 |     80 |    662 |   1628 |   3 |  895.3 |
               +--------+--------+--------+--------+--------+-----+--------+

Top non-repeatable levels by time:
     D:1: 1318 daAuts
     D:2: 1299 daAuts
     D:3: 68 daAuts
